 Dungeon Crawl Stone Soup version 0.25-a0-435-g4b9beb1024 (webtiles) character file.

Game seed: 9780667682035533897, levelgen mode: deterministic

7 Gargoyl the Skirmisher (level 1, -3/19 HPs)
             Began as a Centaur Abyssal Knight on Jan 27, 2020.
             Was a Follower of Lugonu.
             Slain by a raiju (8 damage)
             ... on level 1 of the Abyss.
             The game lasted 00:00:33 (173 turns).

Gargoyl the Skirmisher (Centaur Abyssal Knight)      Turns: 173, Time: 00:00:34

Health: -3/19      AC:  4    Str: 14    XL:     1   Next: 83%
Magic:  2/2        EV:  9    Int: 11    God:    Lugonu [*.....]
Gold:   0          SH:  0    Dex:  8    Spells: 0/0 levels left

rFire    . . .     SeeInvis .   a - +1 hand axe
rCold    . . .     Gourm    .   (no shield)
rNeg     . . .     Faith    .   b - +0 leather armour
rPois    .         Spirit   .   (no helmet)
rElec    .         Reflect  .   (no cloak)
rCorr    .         Harm     .   (no gloves)
MR       .....                  (no barding)
Stlth    ..........             (no amulet)
HPRegen  0.00/turn              (no ring)
MPRegen  0.08/turn              (no ring)

@: non-regenerating, mildly diseased, very quick
A: large, hooves 3, deformed body, deterioration 1, speed 2, tough skin 3
a: Depart the Abyss, Renounce Religion


You were on level 1 of the Abyss.
You worshipped Lugonu.
Lugonu was aware of your devotion.
You were not hungry.

You visited 0 branches of the dungeon, and saw 0 of its levels.
You visited the Abyss 1 time.

Inventory:

Hand Weapons
 a - a +1 hand axe (weapon)
Armour
 b - a +0 leather armour (worn)
Comestibles
 c - a ration


   Skills:
 + Level 3.2 Fighting
 + Level 1.8 Axes
 + Level 1.4 Armour
 + Level 0.6 Dodging
 + Level 2.0 Invocations


You couldn't memorise any spells.
You didn't know any spells.
Your spell library was empty.

Dungeon Overview and Level Annotations

Branches:
Dungeon (0/15)

Altars:


Innate Abilities, Weirdness & Mutations

You have hooves in place of feet.
Armour fits poorly on your strangely shaped body.
You cover ground very quickly.
You have extremely tough skin. (AC +3)
Your body sometimes deteriorates upon taking damage.


Message History

Found a scroll labeled YZOCRIWKIPH.
The small abomination completely misses you.
You see here a scroll labeled YZOCRIWKIPH.
d - a scroll labeled YZOCRIWKIPH
As you read the scroll labeled YZOCRIWKIPH, it crumbles to dust.
You feel blessed for a moment.
It was a scroll of remove curse.
The mana viper hisses angrily.
A stone giant skeleton comes into view.
An ancient zyme comes into view.
You feel yourself growing ill in the presence of the ancient zyme.
You feel ill.
A raiju comes into view.
The raiju barks!
You start resting.
The raiju is too close now for your liking.
You slash the raiju!
The raiju is lightly wounded.
The raiju bites you.
* * * LOW HITPOINT WARNING * * *
The raiju shocks you!
You die...

.. .. #.# ## ##.
.##.. ..
#..####.#.# #.
###...##....
#.#.###.#.#.#..
#...#... ...
##.##.#. # ..≈.
###.#..##..#....≈
#@#..#.#.#.# ##.≈
##h#.. .# ## .≈
###.###. . ###
.#h .. § .. #. ##
#


You could see a raiju.

Vanquished Creatures
  A white imp (Abyss:1)
1 creature vanquished.

Notes
Turn   | Place    | Note
-------+----------+-------------------------------------------
     0 | Abyss:1  | Gargoyl the Centaur Abyssal Knight began the quest for the
                  | Orb.
     0 | Abyss:1  | Reached XP level 1. HP: 19/19 MP: 2/2
    14 | Abyss:1  | Found a burning altar of Makhleb.
    65 | Abyss:1  | Noticed a death knight
    98 | Abyss:1  | Noticed a tentacled starspawn
   107 | Abyss:1  | Noticed a neqoxec
   108 | Abyss:1  | Gained mutation: Your body sometimes deteriorates upon
                  | taking damage. [a neqoxec]
   119 | Abyss:1  | Noticed a quasit
   119 | Abyss:1  | Noticed a quasit
   123 | Abyss:1  | Noticed a small abomination
   134 | Abyss:1  | Noticed a mana viper
   142 | Abyss:1  | Noticed a stone giant skeleton
   142 | Abyss:1  | Noticed an ancient zyme
   163 | Abyss:1  | Noticed a raiju
   173 | Abyss:1  | Slain by a raiju

Levels and vault maps discovered:
Abyss:1:  evilmike_abyss_exit_mutagenic

Action                   || total
-------------------------++-------
Melee: Hand axe          ||     4
  Use: Scroll            ||     1
Dodge: Dodged            ||     3

Table legend:
 A = Non-vault XP
 B = Vault XP
 C = Vault XP percentage of total XP
 D = Non-vault monster count
 E = Vault monster count
 F = Vault count percentage of total count
                 A         B        C        D         E       F
            +---------+---------+-------+---------+---------+-------
      Total |      10 |       0 |   0.0 |       1 |       0 |   0.0
            +---------+---------+-------+---------+---------+-------
    Abyss:1 |      10 |       0 |   0.0 |       1 |       0 |   0.0
            +---------+---------+-------+---------+---------+-------
